 Dungeon Crawl Stone Soup version 0.31-a0-765-g67fe2935dc (webtiles) character file.

Game seed: 4458576980984975196

65 Shayle the Changeling (level 4, 0/44 HPs)
             Began as an Ogre Shapeshifter on Sept 16, 2023.
             Succumbed to an adder's poison
             ... on level 2 of the Dungeon.
             The game lasted 00:03:10 (1337 turns).

Shayle the Changeling (Ogre Shapeshifter)           Turns: 1337, Time: 00:03:10

Health: 0/44       AC:  3    Str: 18    XL:     4   Next: 14%
Magic:  6/6        EV:  9    Int: 13    God:
Gold:   91         SH:  0    Dex:  8    Spells: 6/6 levels left

rFire   . . .        k - +0 lajatang
rCold   . . .        (shield currently unavailable)
rNeg    . . .        a - +0 animal skin
rPois   .            (helmet currently unavailable)
rElec   .            (cloak currently unavailable)
rCorr   .            (gloves unavailable)
SInv    .            (boots unavailable)
Will    .....        (no amulet)
Stlth   +            (no ring)
HPRegen 0.27/turn    (no ring)
MPRegen 0.10/turn

%: no passive effects
@: mighty, lethally poisoned (0 -> -6), beast-form, invisible
A: beast (slay +1), large, unfitting armour, tough skin 1
a: Begin Untransformation


You were on level 2 of the Dungeon.
You were a hulking beast.
You visited 1 branch of the dungeon, and saw 3 of its levels.

You collected 91 gold pieces.

Inventory:

Hand Weapons
 k - a +0 lajatang (weapon)
Armour
 a - a +0 animal skin (worn)
Jewellery
 i - a ring of see invisible
Talismans
 c - a beast talisman (active)
 d - a flux talisman
Scrolls
 f - 3 scrolls of identify {unknown}
 h - 2 scrolls of noise {unknown}
Potions
 b - a potion of lignification
 e - a potion of haste {unknown}


   Skills:
 + Level 2.7 Fighting
 - Level 1.7 Dodging
 + Level 3.2 Unarmed Combat
 + Level 1.7 Spellcasting
 + Level 3.4 Shapeshifting


You had 6 spell levels left.
You didn't know any spells.
Your spell library was empty.

Dungeon Overview and Level Annotations

Branches:
Dungeon (3/15)

Altars:
Xom

Annotations:
D:2 Terence


Innate Abilities, Weirdness & Mutations

You are a hulking beast.
Your limbs bulge with bestial killing power. (Slay +1)
You are too large for most types of armour.
You have tough skin. (AC +1)


Message History

You closely miss the adder.
You feel sick. The adder closely misses you.
You barely miss the adder.
You feel sick. The adder bites you. The adder closely misses you.
You barely miss the adder.
You feel sick. The adder bites you.
You are more poisoned.
The adder poisons you! The adder bites you.
You miss the adder.
You feel very sick. The adder bites you but does no damage.
The adder barely misses you.
You closely miss the adder.
You feel sick. The adder bites you. x2
You are more poisoned.
The adder poisons you!
You barely miss the adder.
You feel very sick. The adder bites you but does no damage.
You miss the adder.
You feel sick. The adder bites you.
You are more poisoned.
The adder poisons you! The adder bites you.
You barely miss the adder.
You feel very sick. The adder bites you.
* * * LOW HITPOINT WARNING * * *
The adder closely misses you.
You slash the adder!
The adder is almost dead.
You feel sick. The adder bites you but does no damage. The adder bites you.
* * * LOW HITPOINT WARNING * * *
You are more poisoned.
The adder poisons you!
You are too injured to fight recklessly!
You are too injured to fight recklessly!
Unknown command.
It was a potion of invisibility.
You fade into invisibility!
* * * LOW HITPOINT WARNING * * *
You feel very sick. The adder misses you.
It was a potion of might.
You feel very mighty all of a sudden.
You die...

#........#####
#.####.#.### #
#....#.#...# #
####.#.###.###
#.#.#.....#
#.#.#.#.#.#
######.#.#.#.#.#.#
#.S....#.#.#.#(#.#
#h# #.#...#.#.#
#†# #.#####.#.#
#.# #.# #.#.#
#.######.#####.#.#
#........#.....#.#
##########.#####.#
#.# #.# #.#####.#
#.......#


You could see an adder (unable to see you).

Vanquished Creatures
  2 adders (D:3)
  6 ball pythons
  7 bats
  4 endoplasms
  4 giant cockroaches
  2 goblins
  4 hobgoblins
  5 kobolds
  A quokka (D:1)
  A frilled lizard (D:2)
  7 rats
43 creatures vanquished.

Notes
Turn   | Place    | Note
-------+----------+-------------------------------------------
     0 | D:1      | Shayle the Ogre Shapeshifter began the quest for the Orb.
     0 | D:1      | Reached XP level 1. HP: 19/19 MP: 1/1
   127 | D:1      | Reached XP level 2. HP: 28/28 MP: 2/2
   314 | D:1      | Reached skill level 1 in Spellcasting
   593 | D:1      | Reached XP level 3. HP: 31/35 MP: 4/4
   913 | D:2      | Noticed Terence
  1008 | D:3      | Reached XP level 4. HP: 41/44 MP: 6/6
  1191 | D:2      | Found a shimmering altar of Xom.
  1336 | D:2      | HP: 1/44 [poisoned by an adder]
  1337 | D:2      | Succumbed to an adder's poison

Illustrated notes

Levels and vault maps discovered:
D:1:      lemuel_arrival_hallway, layout_loops_cross, hangedman_glass_teeth
D:2:      layout_basic, basic_altar, nicolae_titane, uniq_jessica, uniq_terence
D:3:      layout_loops_ring, nicolae_dithmenos_the_darkroom

Skill      XL: |  1  2 |
---------------+-------+-----
Fighting       | 2 |  2.7
Spellcasting   | 1 |  1.7
Unarmed Combat | 3 |  3.2
Dodging        | |  1.7
Shapeshifting  | |  3.4

Action                     |  1- 3 |  4- 6 || total
---------------------------+-------+-------++-------
  Melee: Unarmed           |    93 |    12 ||   105
         Punch             |     2 |       ||     2
         Lajatang          |       |     9 ||     9
    Use: Potion            |       |     2 ||     2
   Stab: Sleeping          |     1 |       ||     1
 Armour: Animal skin       |    68 |    21 ||    89
  Dodge: Dodged            |    48 |    12 ||    60

Table legend: (Time is in decaauts)
 A = Elapsed time spent in this place.
 B = Non-inter-level travel time spent in this place.
 C = Inter-level travel time spent in this place.
 D = Time resting spent in this place.
 E = Time spent auto-exploring this place.
 F = Levels seen in this place.
 G = Mean time per level.
                   A        B        C        D        E       F      G
               +--------+--------+--------+--------+--------+-----+--------+
         Total |   1334 |   1323 |     11 |      0 |    949 |   3 |  444.7 |
       Dungeon |   1334 |   1323 |     11 |      0 |    949 |   3 |  444.7 |
               +--------+--------+--------+--------+--------+-----+--------+

Top non-repeatable levels by time:
     D:1: 730 daAuts
     D:2: 459 daAuts
     D:3: 143 daAuts
